 Dungeon Crawl Stone Soup version 0.25-a0-576-g50b708a (webtiles) character file.

Game seed: 5015412079938970126, levelgen mode: deterministic

1092576 Tyveknew the Rhythm of Life and Death (level 27, -3/177 HPs)
             Began as a Vine Stalker Fighter on Feb 29, 2020.
             Was an Elder of Uskayaw.
             Slain by Antaeus (12 damage)
             ... on level 7 of Cocytus on Mar 1, 2020.
             The game lasted 06:16:28 (102718 turns).

Tyveknew the Rhythm of Life and Death (VSFi)      Turns: 102718, Time: 06:16:28

Health: -3/177     AC: 60    Str: 20 (21) XL:     27
Magic:  0/50       EV: 20    Int: 10      God:    Uskayaw [****..]
Gold:   11869      SH: 10    Dex: 28      Spells: 26/26 levels left

rFire    + + +     SeeInvis +   a - +9 quick blade (protect)
rCold    + + .     Gourm    .   U - +0 buckler of the City {rCorr Dex+5}
rNeg     + + +     Faith    .   b - +12 gold dragon scales
rPois    +         Spirit   +   P - +2 helmet
rElec    .         Reflect  .   M - +2 cloak {MR+}
rCorr    +         Harm     .   o - +0 pair of gloves of Entitlement {+Fly MP+9}
MR       +++++                  t - +0 pair of boots "Unnuase" {rPois rF+ Int+6 Dex+3 Slay+3}
Stlth    +.........             W - amulet "Genun" {+Inv MR+ Regen+}
HPRegen  1.59/turn              u - ring "Kotuab" {+Fly rC+ MR+}
MPRegen  0.32/turn              O - ring "Kolix" {+Blink rF+ rN+++ MR- Str-3 SInv}

@: about to teleport, protection aura, starving
A: fangs 3, rugged brown scales 1, slimy green scales 1, blink, deterioration 1,
dopey 2, fire resistance 1, sense surroundings 2, regeneration 2, weak 1, magic
shield, antimagic bite, no potion heal 3, rot immunity
}: 7/15 runes: serpentine, barnacled, slimy, silver, iron, obsidian, abyssal
a: Blink, Stomp, Line Pass, Renounce Religion, Evoke Blink, Evoke Invisibility,
Evoke Flight


You were on level 7 of Cocytus.
You worshipped Uskayaw.
Uskayaw was exalted by your worship.
You were starving.

You visited 16 branches of the dungeon, and saw 79 of its levels.
You visited the Abyss 4 times.
You visited 1 ziggurat, and saw 9 of its levels.
You also visited: Bailey and Ice Cave.

You collected 15934 gold pieces.
You spent 4065 gold pieces at shops.


Innate Abilities, Weirdness & Mutations

You have razor-sharp teeth.
You heal very quickly.
When hurt, damage is shared between your health and your magic reserves.
Your bite disrupts and absorbs the magic of your enemies.
Potions cannot restore your health.
You are immune to rotting.
You are partially covered in rugged brown scales. (AC +1, +3% HP)
You are partially covered in slimy green scales. (AC +2)
You can translocate small distances at will.
Your body sometimes deteriorates upon taking damage.
You are very dopey. (Int -4)
Your flesh is heat resistant. (rF+)
You passively map the area around you.
You are weak. (Str -2)


   Skills:
 + Level 26.5 Fighting
 - Level 20.1 Short Blades
 + Level 25.5 Armour
 + Level 22.8 Dodging
 - Level 18.2 Stealth
 - Level 15.0 Shields
 O Level 27 Invocations
 * Level 16.0 Evocations


You had 26 spell levels left.
You didn't know any spells.
Your spell library contained the following spells:

 Spells                   Type           Power        Failure   Level  Hunger
 Animate Skeleton         Necr           N/A          99%         1    ##.....
 Apportation              Tloc           #.....       99%         1    ##.....
 Beastly Appendage        Tmut           #.....       99%         1    ##.....
 Corona                   Hex            #......      99%         1    ##.....
 Foxfire                  Conj/Fire      #...         99%         1    ##.....
 Freeze                   Ice            #...         99%         1    ##.....
 Infusion                 Chrm           #...         99%         1    ##.....
 Magic Dart               Conj           #...         99%         1    ##.....
 Pain                     Necr           #...         99%         1    ##.....
 Sandblast                Erth           #.....       99%         1    ##.....
 Sting                    Tmut/Pois      #...         99%         1    ##.....
 Summon Small Mammal      Summ           #...         99%         1    ##.....
 Blink                    Tloc           N/A          100%        2    ###....
 Call Imp                 Summ           #.......     100%        2    ###....
 Corpse Rot               Necr/Air       N/A          100%        2    ###....
 Ensorcelled Hibernation  Hex/Ice        #.....       100%        2    ###....
 Passwall                 Tmut/Erth      #.......     100%        2    ###....
 Poisonous Vapours        Pois/Air       #.....       100%        2    ###....
 Searing Ray              Conj           #.....       100%        2    ###....
 Shroud of Golubria       Chrm/Tloc      #.....       100%        2    ###....
 Slow                     Hex            #.......     100%        2    ###....
 Song of Slaying          Chrm           #.......     100%        2    ###....
 Sticks to Snakes         Tmut           #.......     100%        2    ###....
 Sublimation of Blood     Necr           #.........   100%        2    ###....
 Swiftness                Chrm/Air       #.......     100%        2    ###....
 Call Canine Familiar     Summ           #.......     100%        3    ####...
 Confusing Touch          Hex            #.......     100%        3    ####...
 Conjure Flame            Conj/Fire      #.......     100%        3    ####...
 Dazzling Flash           Conj/Hex       #.....       100%        3    ####...
 Frozen Ramparts          Ice            #.....       100%        3    ####...
 Gell's Gravitas          Tloc           #.........   100%        3    ####...
 Ignite Poison            Fire/Tmut/Pois #.......     100%        3    ####...
 Inner Flame              Hex/Fire       #.......     100%        3    ####...
 Mephitic Cloud           Conj/Pois/Air  #.......     100%        3    ####...
 Ozocubu's Armour         Chrm/Ice       #.......     100%        3    ####...
 Recall                   Summ/Tloc      N/A          100%        3    ####...
 Spectral Weapon          Hex/Chrm       #.......     100%        3    ####...
 Spider Form              Tmut/Pois      #.........   100%        3    ####...
 Stone Arrow              Conj/Erth      #.....       100%        3    ####...
 Summon Guardian Golem    Hex/Summ       #.......     100%        3    ####...
 Tukima's Dance           Hex            #.......     100%        3    ####...
 Vampiric Draining        Necr           #.........   100%        3    ####...
 Airstrike                Air            #.........   100%        4    #####..
 Animate Dead             Necr           N/A          100%        4    #####..
 Cause Fear               Hex            #.........   100%        4    #####..
 Dispel Undead            Necr           #.......     100%        4    #####..
 Fulminant Prism          Conj/Hex       #.........   100%        4    #####..
 Hailstorm                Conj/Ice       #.......     100%        4    #####..
 Ice Form                 Ice/Tmut       #.......     100%        4    #####..
 Iskenderun's Mystic Bla  Conj/Tloc      #.......     100%        4    #####..
 Leda's Liquefaction      Hex/Erth       #.........   100%        4    #####..
 Olgreb's Toxic Radiance  Pois           #.......     100%        4    #####..
 Passage of Golubria      Tloc           N/A          100%        4    #####..
 Petrify                  Tmut/Erth      #.......     100%        4    #####..
 Sticky Flame             Conj/Fire      #.......     100%        4    #####..
 Summon Ice Beast         Ice/Summ       #.......     100%        4    #####..
 Summon Lightning Spire   Summ/Air       #.......     100%        4    #####..
 Agony                    Necr           #.......     100%        5    ######.
 Blade Hands              Tmut           #.........   100%        5    ######.
 Bolt of Magma            Conj/Fire/Erth #.........   100%        5    ######.
 Borgnjor's Vile Clutch   Necr/Erth      #.........   100%        5    ######.
 Excruciating Wounds      Chrm/Necr      #.........   100%        5    ######.
 Fireball                 Conj/Fire      #.........   100%        5    ######.
 Iskenderun's Battlesphe  Conj/Chrm      #.......     100%        5    ######.
 Lee's Rapid Deconstruct  Erth           #.........   100%        5    ######.
 Lightning Bolt           Conj/Air       #.........   100%        5    ######.
 Metabolic Englaciation   Hex/Ice        #.........   100%        5    ######.
 Silence                  Hex/Air        #.........   100%        5    ######.
 Summon Forest            Summ/Tloc      #.........   100%        5    ######.
 Summon Mana Viper        Hex/Summ       #.......     100%        5    ######.
 Yara's Violent Unravell  Hex/Tmut       #.........   100%        5    ######.
 Conjure Ball Lightning   Conj/Air       #.........   100%        6    #######
 Darkness                 Hex            #.........   100%        6    #######
 Death Channel            Necr           #.........   100%        6    #######
 Deflect Missiles         Chrm/Air       #.........   100%        6    #######
 Freezing Cloud           Conj/Ice/Air   #.........   100%        6    #######
 Invisibility             Hex            #.......     100%        6    #######
 Iron Shot                Conj/Erth      #.........   100%        6    #######
 Ozocubu's Refrigeration  Ice            #.........   100%        6    #######
 Shadow Creatures         Summ           N/A          100%        6    #######
 Simulacrum               Ice/Necr       #.........   100%        6    #######
 Statue Form              Tmut/Erth      #........    100%        6    #######
 Haunt                    Necr/Summ      #.........   100%        7    #######
 Malign Gateway           Summ/Tloc      #.........   100%        7    #######
 Monstrous Menagerie      Summ           #.........   100%        7    #######
 Orb of Destruction       Conj           #.........   100%        7    #######
 Ring of Flames           Chrm/Fire      #.........   100%        7    #######
 Spellforged Servitor     Conj/Summ      #.........   100%        7    #######
 Summon Greater Demon     Summ           #.........   100%        7    #######
 Borgnjor's Revivificati  Necr           #.........   100%        8    #######
 Death's Door             Chrm/Necr      #.........   100%        8    #######
 Discord                  Hex            #.........   100%        8    #######
 Infestation              Necr           #.........   100%        8    #######
 Necromutation            Tmut/Necr      #.........   100%        8    #######
 Summon Horrible Things   Summ           #.........   100%        8    #######
 Dragon's Call            Summ           #.........   100%        9    #######
 Shatter                  Erth           #.........   100%        9    #######

Inventory:

Hand Weapons
 a - a +9 quick blade of protection (weapon)
 F - a +2 quick blade of draining
Armour
 b - +12 gold dragon scales (worn)
 o - the +0 pair of gloves of Entitlement (worn) {+Fly MP+9}
   (You bought it in a shop on level 3 of the Shoals)

   It affects your magic capacity (+9).
   It lets you fly.
   If you remove this armour, your AC will decrease by 2 (60 -> 58).
 t - the +0 pair of boots "Unnuase" (worn) {rPois rF+ Int+6 Dex+3 Slay+3}
   (You found it on level 3 of the Vaults)

   It affects your intelligence (+6).
   It affects your dexterity (+3).
   It affects your accuracy and damage with ranged weapons and melee attacks
   (+3).
   It protects you from fire.
   It protects you from poison.
   If you remove this armour, your AC will decrease by 2 (60 -> 58).
 M - a +2 cloak of magic resistance (worn)
 P - a +2 helmet (worn)
 U - the +0 buckler of the City (worn) {rCorr Dex+5}
   (You found it on level 4 of a ziggurat)

   It affects your dexterity (+5).
   It provides partial protection from all sources of acid and corrosion.
Jewellery
 u - the ring "Kotuab" (left hand) {+Fly rC+ MR+}
   (You found it on level 5 of the Pits of Slime)

   [ring of protection from cold]

   It protects you from cold.
   It affects your resistance to hostile enchantments.
   It lets you fly.
 C - the ring of Eplaz {Wiz rElec Str-2 Dex+2}
   (You took it off a deep elf demonologist on level 3 of the Elven Halls)

   [ring of wizardry]

   It improves your spell success rate.
   It affects your strength (-2).
   It affects your dexterity (+2).
   It insulates you from electricity.
 O - the ring "Kolix" (right hand) {+Blink rF+ rN+++ MR- Str-3 SInv}
   (You found it on level 5 of the Vaults)

   [ring of see invisible]

   It affects your strength (-3).
   It protects you from fire.
   It renders you almost immune to negative energy.
   It affects your resistance to hostile enchantments.
   It lets you see invisible.
   It lets you blink.
 R - the ring "Amaqupn" {rF+ MP+9}
   (You found it on level 3 of the Crypt)

   [ring of magical power]

   It protects you from fire.
   It affects your magic capacity (+9).
 W - the amulet "Genun" (around neck) {+Inv MR+ Regen+}
   (You found it on level 5 of the Vaults)

   [amulet of regeneration]

   It affects your resistance to hostile enchantments.
   It lets you turn invisible.
   It increases your rate of regeneration.
 Z - the amulet of Orchutoqe {Reflect +Fly rC- Int+3 SH+4}
   (You acquired it on level 1 of the Shoals)

   [amulet of reflection]

   It shields you and reflects attacks.
   It affects your intelligence (+3).
   It makes you vulnerable to cold.
   It lets you fly.
   It affects your SH (+4).
Wands
 K - a wand of digging (23)
 S - a wand of scattershot (4)
 X - a wand of acid (11)
Scrolls
 d - 9 scrolls of fog
 e - 41 scrolls of teleportation {@r4}
 i - 7 scrolls of fear
 j - 8 scrolls of enchant weapon
 m - 35 scrolls of remove curse {@r2}
 n - 10 scrolls of immolation {!r}
 r - 9 scrolls of identify {@r1}
 B - 3 scrolls of enchant armour
 H - a scroll of blinking
 J - 6 scrolls of magic mapping
 T - 4 scrolls of holy word
Potions
 g - 17 potions of stabbing
 p - 10 potions of brilliance
 q - 41 potions of curing {@q1}
 s - 9 potions of mutation {!q}
 v - 10 potions of berserk rage {!q}
 y - 4 potions of invisibility
 z - 7 potions of cancellation
 A - 13 potions of flight
 D - 7 potions of ambrosia
 E - 6 potions of magic
 G - 8 potions of resistance
 L - 8 potions of haste {@q3}
 N - 2 potions of might
Miscellaneous
 c - a lightning rod (4/4) {!a}
 f - a lamp of fire
 k - the horn of Geryon
 w - 7 phantom mirrors
 x - a fan of gales
 I - a phial of floods
 Q - a box of beasts
 V - 3 tins of tremorstones
 Y - 6 sacks of spiders
Comestibles
 h - 89 rations

Dungeon Overview and Level Annotations

Branches:
Dungeon (15/15)            Temple (1/1) D:6            Lair (6/6) D:10
 Shoals (4/4) Lair:4        Snake (4/4) Lair:4        Slime (5/5) Lair:5
    Orc (2/2) D:11            Elf (3/3) Orc:2        Vaults (5/5) D:14
  Crypt (3/3) Vaults:3       Tomb (0/3) Crypt:3      Depths (5/5) D:15
   Hell (visited)             Dis (7/7) Hell            Geh (7/7) Hell
    Coc (7/7) Hell            Tar (0/7) Hell            Zot (4/5) Depths:5
 Bailey (visited)           IceCv (visited)

Altars:
Ashenzari
Cheibriados
Elyvilon
Fedhas
Hepliaklqana
Kikubaaqudgha
Makhleb
Nemelex Xobeh
Okawaru
Qazlal
Ru
Sif Muna
Trog
Uskayaw
Vehumet
Wu Jian
Xom
Yredelemnul
Zin
The Shining One
Beogh
Jiyva

Shops:
D:6 [[*[(   D:8 *%[   Orc:2 ?(=?   Elf:2 [[=(   Shoals:2 *   Shoals:3 [
Snake:3 }   Vaults:1 ?   Vaults:4 %?   Vaults:5 =*(}

Portals:
Hell: Depths:1 Depths:2 Depths:3 Depths:4 Depths:5
Abyss: Depths:2 Depths:4 Depths:5
Pandemonium: Depths:3

Annotations:
Depths:5 1 runed translucent door
Coc:7 Antaeus

*,,**,,****#≈≈≈≈≈≈≈≈.#.≈≈≈≈..##..
*+****+*,,,#≈≈≈≈≈≈≈..#..≈≈≈..##..
+,****,+,,,#≈≈≈≈≈≈...##.≈≈≈..##..
***≈≈***,,##≈≈≈≈≈≈...##.≈≈≈..##..
**≈≈≈≈#####≈≈≈1≈≈....##.≈≈≈..##..
≈≈≈≈≈≈≈≈≈≈≈≈≈≈○≈....##..≈≈≈..##..
≈≈≈≈≈≈≈≈≈≈≈≈≈≈.....##...≈≈...##..
≈≈≈≈≈≈≈≈≈≈≈≈....2.##....≈≈...##..
,≈≈≈≈≈≈........C@##....≈≈...##...
,,,,,,......⌠...##....≈≈...##....
,,,,,,...............≈≈...##....#
******########.#....≈≈...##....##
##############.....≈≈...##....##
..................≈≈...##....##
.................≈≈...##....##
≈≈≈..≈≈≈≈≈≈≈≈≈≈≈≈≈...##....##
≈≈≈).≈≈≈≈≈≈≈≈≈≈≈≈...##....##


You could see Antaeus, an Ice Fiend and a reaper.


Message History

You block the reaper's attack.
You puncture the reaper! You bite the reaper, but do no damage.
The reaper is lightly wounded.
Antaeus hits you!!
* * * LOW HITPOINT WARNING * * *
Antaeus freezes you! You resist.
* * * LOW HITPOINT WARNING * * *
Antaeus hits you but does no damage.
You hit the reaper. Your bite misses the reaper.
The reaper is lightly wounded.
Use which ability? (? or * to list)
You can't do that.
You hit the reaper but do no damage.
The reaper is lightly wounded.
Unknown command.
You hit the reaper. Your bite misses the reaper.
The reaper is moderately wounded.
The Ice Fiend gestures at you. The bolt of cold hits you! You resist.
* * * LOW HITPOINT WARNING * * *
The reaper closely misses you. Antaeus hits you!
* * * LOW HITPOINT WARNING * * *
Antaeus freezes you! You resist.
* * * LOW HITPOINT WARNING * * *
Antaeus hits you but does no damage.
As you read the scroll of teleportation {@r4}, it crumbles to dust.
You feel strangely unstable. Antaeus hits you!!
* * * LOW HITPOINT WARNING * * *
Antaeus freezes you! You resist.
You die...

Skill      XL: |  1  2  3  4  5  6  7  8  9 10 11 12 13 14 15 16 17 18 19 20 21 22 23 24 25 26 27 |
---------------+----------------------------------------------------------------------------------+-----
Short Blades   | 2 3 4 5 7 8 10 11 12 20 | 20.1
Fighting       | 3 4 5 6 7 8 9 10 11 12 13 14 15 16 17 18 26 | 26.5
Armour         | 3 4 5 6 7 8 9 10 11 12 13 14 15 16 17 25 | 25.5
Invocations    | 2 4 6 8 9 11 12 13 15 16 17 18 19 27 | 27.0
Stealth        | 3 6 9 10 12 13 18 | 18.2
Shields        | 4 7 8 10 11 13 14 15 | 15.0
Dodging        | 4 5 7 8 9 10 11 12 13 22 | 22.8
Evocations     | 1 5 8 16 | 16.0

Action                   |  1- 3 |  4- 6 |  7- 9 | 10-12 | 13-15 | 16-18 | 19-21 | 22-24 | 25-27 || total
-------------------------+-------+-------+-------+-------+-------+-------+-------+-------+-------++-------
Melee: Rapier            |   101 |     2 |       |       |       |       |       |       |       ||   103
       Bite              |    27 |    58 |   164 |   268 |   970 |   597 |   645 |  1143 | 11040 || 14912
       Short sword       |       |   180 |   420 |   468 |       |   537 |       |       |       ||  1605
       Dagger            |       |       |       |   307 |  2063 |   279 |       |       |       ||  2649
       Quick blade       |       |       |       |       |       |   419 |  1272 |  2132 | 15920 || 19743
       Unarmed           |       |       |       |       |       |       |       |       |     1 ||     1
Invok: Stomp             |       |       |       |     4 |     3 |       |     3 |     1 |     2 ||    13
       Line Pass         |       |       |       |     2 |     1 |     1 |     2 |       |     1 ||     7
       Grand Finale      |       |       |       |       |     1 |       |       |       |    11 ||    12
 Abil: Evoke Flight      |       |       |       |       |       |       |       |       |     6 ||     6
       Stop Flying       |       |       |       |       |       |       |       |       |     3 ||     3
       Evoke Blink       |       |       |       |       |       |       |       |       |     1 ||     1
Evoke: Wand              |       |       |       |       |    23 |     7 |       |     1 |     3 ||    34
  Use: Potion            |       |       |     2 |       |     4 |     2 |     1 |     5 |    14 ||    28
       Scroll            |       |       |     6 |    17 |    11 |    20 |     7 |     7 |    53 ||   121
 Stab: Paralysed         |       |       |     5 |    44 |   123 |    63 |    74 |   160 |   854 ||  1323
       Sleeping          |       |       |       |     8 |    17 |     7 |       |       |     3 ||    35
       Distracted        |       |       |       |       |     5 |       |     1 |       |     5 ||    11
       Confused          |       |       |       |       |       |     1 |       |       |       ||     1
       Invisible         |       |       |       |       |       |       |       |       |     4 ||     4
       Petrifying        |       |       |       |       |       |       |       |       |     1 ||     1
  Eat: Chunk             |       |     7 |     6 |    18 |    36 |    20 |    15 |    21 |    96 ||   219
       Ration            |       |       |     1 |     1 |     1 |     1 |     4 |     2 |    27 ||    37
Armor: Scale mail        |    41 |    84 |    51 |       |   407 |   118 |       |       |       ||   701
       Chain mail        |       |       |    78 |   203 |       |       |       |       |       ||   281
       Shadow dragon sca |       |       |       |   103 |   257 |       |       |       |       ||   360
       Plate armour      |       |       |       |       |       |   243 |   208 |   255 |   295 ||  1001
       Gold dragon scale |       |       |       |       |       |       |       |       |  2785 ||  2785
Dodge: Dodged            |    31 |    56 |    51 |   103 |   402 |   131 |   188 |   243 |  3803 ||  5008
       Deflected         |       |       |       |       |     9 |    30 |    37 |       |       ||    76
Block: Kite shield       |    46 |    90 |   158 |   453 |  1103 |   149 |   197 |   745 |       ||  2941
       Buckler           |       |       |       |       |       |   153 |   165 |    16 |  3607 ||  3941
       Reflection        |       |       |       |       |       |    17 |    63 |   102 |    50 ||   232

Levels and vault maps discovered:
D:1:      dpeg_arrival_orchard, layout_loops_corners,
          chequers_serial_rivers_micro_e, st_stairs_5
D:2:      wad_woods_tower, layout_loops_corners
D:3:      minmay_diamond_boxcup, layout_basic,
          chequers_temple_overflow_statue_of_worship
D:4:      layout_layer_cave
D:5:      kennysheep_kobold_camp, layout_cave_pools, grunt_qazlal_sundering,
          first_ration, uniq_prince_ribbit1
D:6:      layout_basic, minmay_temple_entry_waves, serial_shops, shop, shop,
          nicolae_shop_overgrown_old_shop, shop, shop, uniq_menkaure,
          uniq_blork_the_orc
D:7:      layout_basic, nemelex_xobeh_ov_fountains_minmay,
          lightli_temple_of_fire, fedhas_altar_decomposition
D:8:      layout_basic, ashenzari_altar_1, serial_shops, shop,
          nicolae_shop_competitors_out_of_business,
          nicolae_shop_overgrown_old_shop, patterned_corridor
D:9:      layout_long_grid, lemuel_round_altar, hangedman_little_slice_of_home,
          uniq_joseph, uniq_grum, uniq_maurice
D:10:     layout_basic, david_lair_generic, special_room [special_room_orc]
D:11:     layout_roguey, erik_orc_4, kennysheep_cluttered_room, uniq_sonja
D:12:     layout_loops_ring, enter_bailey_7, portal_ice_cave_rime, uniq_urug,
          uniq_nessos
D:13:     layout_loops_ring, okawaru_ov_weapons_minmay
D:14:     layout_roguey, grunt_vaults_entry_tiered, grunt_decor_one_mirror,
          kennysheep_inner_square
D:15:     grunt_enter_depths_hoard, layout_stronghold,
          hangedman_abyss_or_decor_stagger
Temple:   eino_temple_lava
Lair:1:   layout_cave_pods, basic_altar
Lair:2:   layout_regular_city, grunt_megastairs_5
Lair:3:   layout_regular_city, basic_altar, grunt_forest_stairs_basic,
          minmay_lair_oklob_chamber
Lair:4:   layout_cave_pods, elwin_shoals_entry_rooms,
          minmay_snake_entry_guardpost_small, kennysheep_basilisk_garden
Lair:5:   layout_regular_city, minmay_slime_entry_oklob_enclosed, uniq_kirke
Lair:6:   minmay_lair_end_enchanted_forest, layout_small_grid,
          chequers_serial_rivers_micro_e
Shoals:1: layout_shoals, uniq_nikola
Shoals:2: layout_shoals, serial_shops, shop_fountains
Shoals:3: layout_shoals, serial_shops, shop, uniq_ilsuiw
Shoals:4: shoals_end_simple, layout_shoals
Snake:1:  layout_gridlike, basic_altar
Snake:2:  layout_misc_corridors, basic_altar
Snake:3:  layout_grid_shapes, serial_shops, shop, drop_trap
Snake:4:  grunt_snake_rune_serpentine_throne, layout_cave_town,
          nicolae_snake_springs, uniq_aizul
Slime:1:  layout_caves
Slime:2:  layout_caves
Slime:3:  layout_caves
Slime:4:  layout_caves
Slime:5
Orc:1:    layout_diamond_mine, basic_altar, david_defended_altar_orc
Orc:2:    st_orc_town, layout_caves
Elf:1:    layout_geoelf_grid, basic_altar, minivault_28, hex_tiny
Elf:2:    layout_onion_city, serial_shops, shop, nicolae_shop_waterfront,
          shop_fountains, shop, portal_desolation_entry_nicolae_nacl
Elf:3:    minmay_elf_hall, layout_loops_ring, gammafunk_ghost_grave
Vaults:1: hangedman_vaults_stretched_pinwheel, ontoclasm_vaults_decontamination,
          st_lattice, ontoclasm_vaults_ligature,
          ontoclasm_vaults_loading_screen, v_misc_10,
          nicolae_vaults_border_crossing, nicolae_vaults_mini_display_case,
          vaults_standard_mumra_enter_the_diamond, layout_vaults_ring,
          serial_shops, nicolae_shop_trees
Vaults:2: v_misc_5, v_misc_9, nicolae_vaults_stairing_the_circle,
          vaults_mumra_minichess_inversion, hangedman_vaults_stretched_pinwheel,
          layout_vaults_omnigrid
Vaults:3: gammafunk_vaults_ghost_fury_of_okawaru, minmay_crypt_entry_simple_box,
          hangedman_vaults_variations, v_alt_pattern_5,
          nicolae_vaults_ring_of_whatevers, vaults_dpeg_diagonal,
          ontoclasm_vaults_tryst, hangedman_vaults_snaps,
          layout_vaults_chaotic_city, basic_altar
Vaults:4: grunt_vaults_focal, v_rooms_5, v_alt_pattern_3, v_misc_15,
          ontoclasm_vaults_idyll, v_misc_9, nicolae_vaults_network_quinsquares
          [nicolae_vaults_network_quincunx_subvault,
          nicolae_vaults_network_quincunx_subvault,
          nicolae_vaults_network_quincunx_subvault,
          nicolae_vaults_network_quincunx_subvault], hangedman_vaults_maws,
          hangedman_vaults_pinch, hangedman_vaults_trim,
          ontoclasm_vaults_ring_square, vaults_room_mumra_shop_pool,
          vaults_dpeg_ring, ontoclasm_vaults_loading_screen,
          layout_vaults_omnicross, serial_shops, shop
Vaults:5
Crypt:1:  layout_chaotic_city
Crypt:2:  gammafunk_crypt_yreds_forest, layout_misc_corridors,
          lemuel_statue_altar
Crypt:3:  grunt_crypt_end_deaths_head
Depths:1: layout_forbidden_donut, kennysheep_big_empty_room,
          grunt_hell_entry_demonic_statue, nicolae_twisting_strands,
          nrook_loot_triangle, hallowed_hall
Depths:2: lemuel_traditional_vault, layout_cave_shapes, minmay_room_of_horrors,
          gammafunk_ghost_necromancy, kennysheep_path_1, hell_entry,
          minmay_staircase_windowed_small
Depths:3: minmay_fractal_lines_corner, layout_gridlike, enter_ziggurat_d,
          hell_entry, rand_demon_pan_entry_5, special_room [special_room_jelly],
          minmay_staircase_statues_hall_small, uniq_margery
Depths:4: box_level_dp, abyss_entry, hell_entry
Depths:5: grunt_zot_entry_funnels, layout_cave_shapes, hangedman_coc_ice_floe,
          minmay_misc_feat_cross, serial_column_ruins,
          column_ruins_portal_astroid, column_ruins_circle_medium,
          column_ruins_open_small, column_ruins_corridor_dead_end,
          column_ruins_open_tiny, column_ruins_grid_1,
          column_ruins_corridor_straight, column_ruins_columns_T,
          nrook_pool_corridor, lightli_gold_pyramid, uniq_jory, uniq_enchantress
Hell
Dis:1:    layout_chaotic_city
Dis:2:    layout_gridville
Dis:3:    layout_gridville
Dis:4:    layout_gridville
Dis:5:    layout_chaotic_city, hangedman_dis_decor_tower
Dis:6:    layout_subdivisions
Dis:7:    iron_city_of_dis [dis_mu, dis_wall_6], layout_chaotic_city
Geh:1:    layout_gehenna_pools_box, grunt_megastairs_1
Geh:2:    layout_gehenna_lava_caves, lemuel_flamethrower_3
Geh:3:    layout_gehenna_lava_caves
Geh:4:    layout_gehenna_lava_caves
Geh:5:    layout_gehenna_pools_basic
Geh:6:    layout_gehenna_lava_caves
Geh:7:    evilmike_geh
Coc:1:    layout_ice_bergs
Coc:2:    layout_cocytus_water_paths
Coc:3:    layout_ice_bergs
Coc:4:    layout_cocytus_water_paths
Coc:5:    layout_ice_bergs
Coc:6:    layout_cocytus_water_paths
Coc:7:    coc_old
Zot:1:    layout_misc_corridors
Zot:2:    layout_misc_corridors
Zot:3:    layout_basic
Zot:4:    layout_misc_corridors, grunt_megastairs_2

Notes
Turn   | Place    | Note
-------+----------+-------------------------------------------
     0 | D:1      | Tyveknew the Vine Stalker Fighter began the quest for the
                  | Orb.
     0 | D:1      | Reached XP level 1. HP: 11/11 MP: 2/2
    72 | D:1      | Reached skill level 2 in Short Blades
   136 | D:1      | Reached XP level 2. HP: 16/16 MP: 3/3
   423 | D:1      | Reached XP level 3. HP: 19/19 MP: 4/4
   425 | D:1      | Reached skill level 3 in Fighting
  1006 | D:2      | Reached skill level 3 in Short Blades
  1006 | D:2      | Gained mutation: Your natural rate of healing is unusually
                  | fast. [Vine Stalker growth]
  1006 | D:2      | Reached XP level 4. HP: 11/24 MP: 3/5
  1347 | D:2      | Reached skill level 3 in Armour
  1718 | D:2      | Reached XP level 5. HP: 28/28 MP: 6/6
  1893 | D:3      | Found an ornate altar of the Wu Jian Council.
  1895 | D:3      | Found a bloodstained altar of Trog.
  2168 | D:3      | Noticed an ice beast
  2177 | D:3      | Killed an ice beast
  2177 | D:3      | Reached skill level 4 in Short Blades
  2177 | D:3      | Reached XP level 6. HP: 20/33 MP: 5/7
  2700 | D:4      | Reached skill level 4 in Fighting
  2955 | D:4      | Reached XP level 7. HP: 37/37 MP: 8/8
  3516 | D:5      | Entered Level 5 of the Dungeon
  3529 | D:5      | Reached skill level 5 in Short Blades
  3538 | D:5      | Reached skill level 4 in Armour
  3577 | D:5      | Found a stormy altar of Qazlal.
  3695 | D:5      | Noticed Prince Ribbit
  3716 | D:5      | HP: 3/38 [Prince Ribbit (6)]
  3823 | D:5      | Gained mutation: You have razor-sharp teeth. [Vine Stalker
                  | growth]
  3823 | D:5      | Reached XP level 8. HP: 42/42 MP: 9/9
  3965 | D:5      | Reached skill level 6 in Short Blades
  4185 | D:5      | Reached skill level 5 in Fighting
  4198 | D:6      | Found Jalix's Armour Boutique.
  4396 | D:5      | Killed Prince Ribbit
  4659 | D:6      | Found Hayl's General Store.
  4668 | D:6      | Found Pijyboph's Antique Armour Boutique.
  4677 | D:6      | Bought a scroll of identify for 22 gold pieces
  4677 | D:6      | Bought a scroll of teleportation for 33 gold pieces
  4693 | D:6      | Found Podolo's Antique Armour Emporium.
  4780 | D:6      | Noticed Menkaure
  4785 | D:6      | Killed Menkaure
  4785 | D:6      | Reached skill level 7 in Short Blades
  4785 | D:6      | Reached skill level 5 in Armour
  4854 | D:6      | Reached XP level 9. HP: 25/48 MP: 4/10
  5152 | D:6      | Reached skill level 6 in Fighting
  5162 | D:6      | Found a staircase to the Ecumenical Temple.
  5173 | Temple   | Entered the Ecumenical Temple
  5189 | Temple   | Became a worshipper of Uskayaw the Reveler
  5200 | D:6      | Reached * piety under Uskayaw
  5213 | D:6      | Found Veros's Weapon Shoppe.
  5268 | D:6      | Noticed Blork the orc
  5276 | D:6      | Reached ** piety under Uskayaw
  5278 | D:6      | Killed Blork the orc
  5278 | D:6      | Reached skill level 8 in Short Blades
  5406 | D:6      | Bought a slimy kite shield for 190 gold pieces
  5416 | D:6      | Identified the +5 kite shield of Surprise {rC- rN+ rCorr
                  | Str+2} (You bought it in a shop on level 6 of the Dungeon)
  5447 | D:7      | Reached *** piety under Uskayaw
  5455 | D:7      | Reached **** piety under Uskayaw
  5456 | D:7      | Reached skill level 1 in Invocations
  5574 | D:7      | Reached skill level 2 in Invocations
  5574 | D:7      | Reached ***** piety under Uskayaw
  5631 | D:7      | Found the +8 mithril axe "Arga" {speed, MR+}
  5664 | D:7      | Found a burning altar of Makhleb.
  5865 | D:7      | Found a sparkling altar of Nemelex Xobeh.
  5904 | D:7      | Found a blossoming altar of Fedhas.
  6149 | D:7      | Reached skill level 6 in Armour
  6212 | D:8      | Found Qumumomm's Antique Armour Shoppe.
  6228 | D:8      | Found a shattered altar of Ashenzari.
  6248 | D:8      | Found Eckoicha's Food Emporium.
  6256 | D:8      | Reached XP level 10. HP: 53/53 MP: 13/13
  6268 | D:8      | Reached skill level 9 in Short Blades
  6392 | D:8      | Found Vunloit's Assorted Antiques.
  6399 | D:8      | Reached skill level 3 in Invocations
  6426 | D:8      | HP: 5/53 [killer bee (4)]
  6431 | D:8      | HP: 4/53 [killer bee (2)]
  6437 | D:8      | HP: 5/53 [killer bee (1)]
  6443 | D:8      | HP: 5/53 [poisoned by a killer bee]
  6548 | D:8      | Reached skill level 7 in Fighting
  6690 | D:6      | Bought a slimy chain mail for 190 gold pieces
  6700 | D:6      | Identified the cursed +0 chain mail of a bazaar {rElec
                  | Regen+ Dex-4} (You bought it in a shop on level 6 of the
                  | Dungeon)
  7507 | D:9      | Noticed a two-headed ogre
  7524 | D:9      | Killed a two-headed ogre
  7524 | D:9      | Reached skill level 4 in Invocations
  7527 | D:9      | Reached ****** piety under Uskayaw
  7929 | D:9      | Noticed Grum
  7940 | D:9      | Noticed Maurice
  7945 | D:9      | Killed Grum
  7945 | D:9      | Reached skill level 10 in Short Blades
  7987 | D:9      | Killed Maurice
  8025 | D:9      | Found a shimmering altar of Xom.
  8026 | D:9      | Noticed Joseph
  8041 | D:9      | Killed Joseph
  8041 | D:9      | Reached skill level 7 in Armour
  8041 | D:9      | Reached XP level 11. HP: 59/59 MP: 15/15
  8075 | D:9      | Reached skill level 5 in Invocations
  8485 | D:10     | Entered Level 10 of the Dungeon
  8877 | D:10     | Reached skill level 8 in Fighting
  8985 | D:10     | Found a staircase to the Lair.
  9032 | D:10     | Reached skill level 11 in Short Blades
  9439 | D:10     | Got pitted shadow dragon scales
  9440 | D:10     | Identified the cursed +0 shadow dragon scales of Darkness
                  | {*Slow rPois rF+ SInv Stlth++++} (You found it on level 10
                  | of the Dungeon)
  9503 | Lair:1   | Entered Level 1 of the Lair of Beasts
  9589 | Lair:1   | Reached skill level 6 in Invocations
  9744 | Lair:1   | Noticed a five-headed hydra
  9763 | Lair:1   | Killed a five-headed hydra
  9763 | Lair:1   | Reached skill level 1 in Stealth
  9766 | Lair:1   | Reached skill level 2 in Stealth
  9789 | Lair:1   | Found a burning altar of Makhleb.
  9932 | Lair:1   | Reached skill level 3 in Stealth
 10081 | Lair:1   | Gained mutation: You heal very quickly. [Vine Stalker
                  | growth]
 10081 | Lair:1   | Reached XP level 12. HP: 40/65 MP: 10/17
 10578 | Lair:2   | Reached skill level 8 in Armour
 10655 | Lair:2   | Reached skill level 4 in Stealth
 10705 | Lair:2   | Reached skill level 9 in Fighting
 10709 | Lair:2   | Reached skill level 7 in Invocations
 11247 | Lair:3   | Reached skill level 5 in Stealth
 11428 | Lair:3   | Found a shimmering blue altar of Sif Muna.
 11556 | Lair:3   | Noticed an eight-headed hydra
 11570 | Lair:3   | Killed an eight-headed hydra
 11597 | Lair:3   | Reached skill level 6 in Stealth
 12060 | Lair:4   | Found a staircase to the Snake Pit.
 12211 | Lair:4   | Reached skill level 8 in Invocations
 12234 | Lair:4   | Reached XP level 13. HP: 65/71 MP: 20/20
 12414 | Lair:4   | Reached skill level 7 in Stealth
 12422 | Lair:4   | Reached skill level 12 in Short Blades
 12501 | Lair:4   | Reached skill level 9 in Armour
 12991 | Lair:4   | Found a staircase to the Shoals.
 13170 | Lair:5   | Reached skill level 10 in Fighting
 13311 | Lair:5   | Reached skill level 8 in Stealth
 13449 | Lair:5   | Noticed Kirke
 13526 | Lair:5   | Killed Kirke
 13922 | Lair:6   | Entered Level 6 of the Lair of Beasts
 14124 | Lair:5   | Reached skill level 9 in Invocations
 14198 | Lair:6   | Reached skill level 9 in Stealth
 14621 | Lair:6   | Reached XP level 14. HP: 77/77 MP: 22/22
 14666 | Lair:6   | Reached skill level 10 in Armour
 14706 | Lair:6   | Reached skill level 10 in Stealth
 14785 | Lair:6   | Reached skill level 10 in Invocations
 14838 | Lair:6   | Reached skill level 11 in Fighting
 15148 | Lair:6   | HP: 4/79 [death yak[a boggart] (16)]
 15506 | Lair:6   | Got a scorched scale mail
 15867 | Lair:6   | Identified the +9 scale mail of Awe {Regen+ Str+4 Int-2}
                  | (You found it on level 6 of the Lair of Beasts)
 16194 | D:11     | Found a staircase to the Orcish Mines.
 16202 | D:11     | Reached skill level 3 in Shields
 16374 | D:11     | Noticed Sonja
 16385 | D:11     | Killed Sonja
 16730 | Orc:1    | Entered Level 1 of the Orcish Mines
 16959 | Orc:1    | Found a roughly hewn altar of Beogh.
 16990 | Orc:1    | Found a roughly hewn altar of Beogh.
 17171 | Orc:2    | Entered Level 2 of the Orcish Mines
 17380 | Orc:2    | HP: 1/79 [orc knight/+0 halberd (23)]
 17547 | Orc:2    | Reached skill level 4 in Shields
 17583 | Orc:2    | Found a roughly hewn altar of Beogh.
 17796 | Orc:2    | Found Xadovis's Magic Scroll Shop.
 17796 | Orc:2    | Found Ene Feawn's Antique Weapon Shoppe.
 18141 | Orc:2    | Found Omux's Jewellery Shop.
 18191 | Orc:2    | Reached skill level 11 in Invocations
 18208 | Orc:2    | Found Koasey's Magic Scroll Shoppe.
 18318 | Orc:2    | Found a staircase to the Elven Halls.
 18612 | D:12     | Reached XP level 15. HP: 84/84 MP: 24/24
 18728 | D:12     | Noticed Urug
 18728 | D:12     | Found a flagged portal.
 18742 | D:12     | Reached skill level 5 in Shields
 18748 | D:12     | Killed Urug
 18775 | Bailey   | Entered a bailey
 18939 | Bailey   | Reached skill level 11 in Armour
 19127 | D:12     | Found a frozen archway.
 19152 | IceCv    | Entered an ice cave
 19512 | IceCv    | Reached skill level 12 in Fighting
 19589 | IceCv    | Got a steaming ruby amulet
 19663 | IceCv    | Identified the amulet "Axixed" {Regen+ MP+9} (You found it
                  | in an ice cave)
 19891 | IceCv    | Noticed a frost giant
 20223 | IceCv    | Killed a frost giant
 20223 | IceCv    | Reached skill level 6 in Shields
 20276 | IceCv    | Identified Meed's Collected Works on the Glacier
 20737 | D:12     | Noticed Nessos
 20768 | D:12     | Killed Nessos
 21063 | D:6      | Bought a pair of embroidered boots for 150 gold pieces
 21068 | D:6      | Identified a +0 pair of boots of running (You bought it in
                  | a shop on level 6 of the Dungeon)
 21302 | D:13     | Found an iron altar of Okawaru.
 21900 | D:14     | Reached skill level 12 in Invocations
 22253 | D:14     | Reached skill level 7 in Shields
 22460 | D:14     | Reached XP level 16. HP: 90/90 MP: 26/26
 22531 | D:14     | Found a gate to the Vaults.
 22638 | D:14     | Identified 4 potions of resistance
 22773 | D:15     | Entered Level 15 of the Dungeon
 23074 | D:15     | Reached skill level 12 in Armour
 23151 | D:15     | Reached skill level 13 in Fighting
 23357 | D:15     | Found a staircase to the Depths.
 23477 | D:15     | Reached skill level 8 in Shields
 23871 | Elf:1    | Entered Level 1 of the Elven Halls
 23951 | Elf:1    | HP: 5/91 [+2 glaive of freezing (18)]
 23951 | Elf:1    | HP: 1/91 [+2 glaive of freezing (4)]
 24300 | Elf:1    | Found an ancient bone altar of Kikubaaqudgha.
 24384 | Elf:1    | Reached skill level 13 in Invocations
 25525 | D:6      | Bought a +1 buckler of reflection for 162 gold pieces
 25531 | D:6      | Bought a +3 plate armour of poison resistance for 504 gold
                  | pieces
 25531 | D:6      | Bought a +1 pair of gloves of dexterity for 198 gold pieces
 26250 | Elf:2    | Found Ojeish's Antique Armour Emporium.
 26300 | Elf:2    | Found Qali's Antique Armour Shoppe.
 26377 | Orc:2    | Bought a scroll of identify for 28 gold pieces
 26408 | Orc:2    | Bought a scroll of identify for 36 gold pieces
 26508 | Elf:2    | Bought a brightly glowing plate armour for 616 gold pieces
 26508 | Elf:2    | Bought a blackened plate armour for 616 gold pieces
 26508 | Elf:2    | Identified the +7 plate armour "Ratayc" {rElec rC- Dex+4}
                  | (You bought it in a shop on level 2 of the Elven Halls)
 26513 | Elf:2    | Identified the +1 plate armour "Huyl" {rN+} (You bought it
                  | in a shop on level 2 of the Elven Halls)
 26583 | Elf:2    | Found Wumut's Weapon Boutique.
 26682 | Elf:2    | Found Egousent's Jewellery Emporium.
 26857 | Elf:2    | Found a ruined gateway.
 26872 | Elf:2    | Reached XP level 17. HP: 95/95 MP: 28/28
 27041 | Elf:2    | Found a huge runed translucent gate.
 27041 | Elf:2    | Found a huge runed translucent gate.
 27041 | Elf:2    | Found a huge runed translucent gate.
 27041 | Elf:2    | Found a huge runed translucent gate.
 27045 | Elf:2    | Found a huge runed translucent gate.
 27111 | Elf:2    | Reached skill level 9 in Shields
 27307 | Elf:2    | Reached skill level 14 in Invocations
 28053 | Elf:2    | Bought the ring of Grace {rPois MR+} for 423 gold pieces
 28067 | Elf:3    | Entered Level 3 of the Elven Halls
 28094 | Elf:3    | Found a runed translucent door.
 28094 | Elf:3    | Noticed Coldstonesans's ghost (adept FoFi)
 28999 | Elf:3    | Noticed a deep elf blademaster
 29002 | Elf:3    | Noticed a deep elf blademaster
 29011 | Elf:3    | Killed a deep elf blademaster
 29013 | Elf:3    | Noticed a deep elf blademaster
 29026 | Elf:3    | Killed a deep elf blademaster
 29026 | Elf:3    | Reached skill level 14 in Fighting
 29026 | Elf:3    | Reached skill level 13 in Armour
 29032 | Elf:3    | Killed a deep elf blademaster
 29035 | Elf:3    | Reached skill level 15 in Invocations
 29087 | Elf:3    | Reached skill level 10 in Shields
 29093 | Elf:3    | Noticed a deep elf blademaster
 29104 | Elf:3    | Reached XP level 18. HP: 74/102 MP: 30/30
 29123 | Elf:3    | Killed a deep elf blademaster
 29705 | Elf:3    | Identified the +7 spear of Floods {flame, rN+}
 29732 | Elf:3    | Identified the Reference Book on Feathers and the Oath
 29763 | Elf:3    | Identified the ring of Eplaz {Wiz rElec Str-2 Dex+2}
 29764 | Elf:3    | Noticed a deep elf master archer
 29765 | Elf:3    | Noticed a deep elf master archer
 29781 | Elf:3    | Killed a deep elf master archer
 29790 | Elf:3    | Killed a deep elf master archer
 29821 | Elf:3    | Identified the Reference Book on Lightness and Creation
 29940 | Elf:3    | Identified 2 potions of experience
 29959 | Elf:3    | Reached skill level 4 in Dodging
 29959 | Elf:3    | Reached XP level 19. HP: 107/107 MP: 31/31
 29960 | Elf:3    | Reached skill level 5 in Dodging
 29960 | Elf:3    | Reached XP level 20. HP: 112/112 MP: 32/32
 30408 | Snake:1  | Entered Level 1 of the Snake Pit
 30408 | Snake:1  | Found a radiant altar of Vehumet.
 30483 | Snake:1  | Reached skill level 6 in Dodging
 31036 | Snake:2  | Reached skill level 11 in Stealth
 31306 | Snake:2  | Found a white marble altar of Elyvilon.
 32164 | Snake:3  | Found Ceiczo's Gadget Boutique.
 32835 | Snake:4  | Entered Level 4 of the Snake Pit
 33013 | Snake:4  | Identified a +2 robe of the Archmagi
 33030 | Snake:4  | Reached skill level 7 in Dodging
 33190 | Snake:4  | Noticed Aizul
 33227 | Snake:4  | Killed Aizul
 33334 | Snake:4  | Reached skill level 15 in Fighting
 33334 | Snake:4  | Reached skill level 12 in Stealth
 33419 | Snake:4  | Reached XP level 21. HP: 117/117 MP: 33/33
 33627 | Snake:4  | Reached skill level 14 in Armour
 34709 | Snake:4  | Got a serpentine rune of Zot
 34929 | Shoals:1 | Entered Level 1 of the Shoals
 34950 | Shoals:1 | Noticed Nikola
 34969 | Shoals:1 | Killed Nikola
 35051 | Shoals:1 | Reached skill level 13 in Stealth
 35054 | Shoals:1 | Identified a scroll of acquirement
 35054 | Shoals:1 | Identified the amulet of Orchutoqe {Reflect +Fly rC- Int+3
                  | SH+4} (You acquired it on level 1 of the Shoals)
 35382 | Elf:3    | Killed Coldstonesans's ghost
 35382 | Elf:3    | Reached skill level 8 in Dodging
 35678 | Shoals:1 | Reached skill level 16 in Invocations
 36260 | Shoals:2 | Reached skill level 11 in Shields
 36646 | Shoals:2 | Found Yxett's General Store.
 37659 | Shoals:3 | Found Ytiug's Armour Emporium.
 37699 | Shoals:3 | Noticed Ilsuiw
 37732 | Shoals:3 | Killed Ilsuiw
 38074 | Shoals:3 | Bought the +0 pair of gloves of Entitlement {+Fly MP+9} for
                  | 617 gold pieces
 38124 | Shoals:4 | Entered Level 4 of the Shoals
 38217 | Shoals:4 | Got a barnacled rune of Zot
 38298 | Shoals:4 | Reached XP level 22. HP: 123/123 MP: 35/35
 38436 | Shoals:4 | Got a pair of warped boots
 38439 | Shoals:4 | Identified the cursed +0 pair of boots of the Game of Life
                  | {+Inv Str-4 Int-2 Dex+8} (You found it on level 4 of the
                  | Shoals)
 39549 | Vaults:1 | Entered Level 1 of the Vaults
 39582 | Vaults:1 | Reached skill level 12 in Shields
 39740 | Vaults:1 | Reached skill level 9 in Dodging
 39810 | Vaults:1 | Found Zyledotz's Magic Scroll Shop.
 40359 | Vaults:1 | Reached skill level 16 in Fighting
 41020 | Vaults:2 | Reached skill level 13 in Shields
 41073 | Vaults:2 | Reached skill level 15 in Armour
 41774 | Vaults:2 | Reached XP level 23. HP: 121/128 MP: 36/36
 42031 | Vaults:2 | Reached skill level 17 in Invocations
 42316 | Vaults:3 | Found a staircase to the Crypt.
 42328 | Vaults:3 | Found a hazy altar of Hepliaklqana.
 42527 | Vaults:3 | Reached skill level 10 in Dodging
 42719 | Vaults:3 | You fall into a shaft and drop 1 floor!
 42900 | Vaults:4 | Found Goimpal's Food Shop.
 42941 | Vaults:4 | Reached skill level 14 in Shields
 43892 | Vaults:3 | Found a runed translucent gate.
 43892 | Vaults:3 | Found a runed translucent gate.
 43892 | Vaults:3 | Found a runed translucent gate.
 43897 | Vaults:3 | Noticed Pikli's ghost (adept MiGl)
 43899 | Vaults:3 | Identified the +3 leather armour of Yesterday {Str+4 Int+4
                  | Dex+2}
 43993 | Vaults:3 | Found an iron altar of Okawaru.
 44088 | Vaults:3 | Killed Pikli's ghost
 44117 | Vaults:3 | Got a pair of polished boots
 44118 | Vaults:3 | Identified the +0 pair of boots "Unnuase" {rPois rF+ Int+6
                  | Dex+3 Slay+3} (You found it on level 3 of the Vaults)
 44169 | Vaults:3 | Got an iridescent lajatang
 44170 | Vaults:3 | Identified the +9 lajatang of Subjectivity {vorpal, +Fly}
                  | (You found it on level 3 of the Vaults)
 44709 | Vaults:4 | Found Ungiepeb's Magic Scroll Emporium.
 44793 | Vaults:5 | Entered Level 5 of the Vaults
 44793 | Vaults:5 | Noticed a tengu reaver
 44949 | Vaults:5 | Noticed a tengu reaver
 44994 | Vaults:5 | Reached XP level 24. HP: 97/135 MP: 36/36
 45003 | Vaults:5 | Killed a tengu reaver
 45007 | Vaults:5 | Killed a tengu reaver
 45192 | Vaults:5 | Noticed a lich
 45214 | Vaults:5 | Killed a lich
 45220 | Vaults:5 | Reached skill level 15 in Shields
 45457 | Vaults:5 | Reached skill level 11 in Dodging
 45488 | Vaults:5 | Reached skill level 17 in Fighting
 45601 | Vaults:5 | Noticed a storm dragon
 45625 | Vaults:5 | Killed a storm dragon
 45751 | Vaults:5 | Noticed an ancient lich
 45773 | Vaults:5 | Killed an ancient lich
 45931 | Vaults:5 | Reached skill level 18 in Invocations
 46011 | Vaults:5 | Reached skill level 16 in Armour
 46115 | Vaults:5 | Found Lesuwu's Antique Weapon Shoppe.
 46115 | Vaults:5 | Found Nylyef's General Store.
 46115 | Vaults:5 | Noticed a titan
 46115 | Vaults:5 | Found Okkeech's Gadget Boutique.
 46116 | Vaults:5 | Noticed a titan
 46116 | Vaults:5 | Noticed a titan
 46132 | Vaults:5 | Killed a titan
 46133 | Vaults:5 | Killed a titan
 46138 | Vaults:5 | Killed a titan
 46187 | Vaults:5 | Found Boiq's Jewellery Emporium.
 46187 | Vaults:5 | Noticed a tengu reaver
 46205 | Vaults:5 | Killed a tengu reaver
 46379 | Vaults:5 | Got an ancient ruby amulet
 46380 | Vaults:5 | Identified the amulet "Genun" {+Inv MR+ Regen+} (You found
                  | it on level 5 of the Vaults)
 46396 | Vaults:5 | Identified Sif Muna's Handbook of Slavery
 46410 | Vaults:5 | Got a silver rune of Zot
 46417 | Vaults:5 | Got a scintillating lapis lazuli ring
 46418 | Vaults:5 | Identified the ring "Kolix" {+Blink rF+ rN+++ MR- Str-3
                  | SInv} (You found it on level 5 of the Vaults)
 47639 | Depths:1 | Entered Level 1 of the Depths
 47844 | Depths:1 | Reached skill level 1 in Evocations
 47844 | Depths:1 | Reached XP level 25. HP: 141/141 MP: 37/37
 48042 | Depths:1 | Reached skill level 2 in Evocations
 48110 | Depths:1 | Reached skill level 12 in Dodging
 48183 | Depths:1 | Found a glowing silver altar of Zin.
 48183 | Depths:1 | Found a white marble altar of Elyvilon.
 48183 | Depths:1 | Found a glowing golden altar of the Shining One.
 48577 | Depths:1 | Reached skill level 3 in Evocations
 48614 | Depths:1 | Found a gateway to Hell.
 49354 | Depths:2 | Noticed a lich
 49382 | Depths:2 | Killed a lich
 49523 | Depths:2 | Found a one-way gate to the infinite horrors of the Abyss.
 49639 | Depths:2 | Reached skill level 4 in Evocations
 49727 | Depths:2 | Found a runed translucent gate.
 49727 | Depths:2 | Found a runed translucent gate.
 49730 | Depths:2 | Found a runed translucent gate.
 49732 | Depths:2 | Noticed krigyl's ghost (veteran GnSk)
 49732 | Depths:2 | Noticed an ancient lich
 49739 | Depths:2 | Noticed an ancient lich
 50077 | Depths:2 | Reached skill level 18 in Fighting
 50447 | Depths:2 | Noticed a tengu reaver
 50450 | Depths:2 | Noticed a juggernaut
 50465 | Depths:2 | Killed a tengu reaver
 50465 | Depths:2 | Reached skill level 5 in Evocations
 50468 | Depths:2 | Killed a juggernaut
 50518 | Depths:2 | Noticed a tengu reaver
 50529 | Depths:2 | Noticed a caustic shrike
 50542 | Depths:2 | Killed a caustic shrike
 50542 | Depths:2 | Reached skill level 19 in Invocations
 50549 | Depths:2 | Killed a tengu reaver
 50992 | Depths:2 | Killed an ancient lich
 51003 | Depths:2 | Killed an ancient lich
 51003 | Depths:2 | Reached XP level 26. HP: 140/147 MP: 37/37
 51073 | Depths:2 | Killed krigyl's ghost
 51077 | Depths:2 | Reached skill level 6 in Evocations
 51121 | Depths:2 | Reached skill level 17 in Armour
 51172 | Depths:2 | Got an encrusted helmet
 51173 | Depths:2 | Identified the cursed -7 helmet of the Illusory Stories
                  | {rElec rCorr Str+3 Stlth-} (You found it on level 2 of the
                  | Depths)
 51407 | Depths:3 | Noticed Margery
 51430 | Depths:3 | Killed Margery
 51430 | Depths:3 | Reached skill level 13 in Dodging
 51802 | Depths:3 | Found a one-way gate leading to the halls of Pandemonium.
 51826 | Depths:3 | Reached skill level 7 in Evocations
 51895 | Depths:3 | Found a gateway to a ziggurat.
 51904 | Depths:3 | Paralysed by a floating eye for 2 turns
 51911 | Depths:3 | Paralysed by a floating eye for 3 turns
 51927 | Depths:3 | Noticed a titan
 51938 | Depths:3 | Killed a titan
 51963 | Depths:3 | Noticed a storm dragon
 51975 | Depths:3 | Killed a storm dragon
 51990 | Depths:3 | Noticed a lich
 52120 | Depths:3 | Got a vibrating diamond amulet
 52121 | Depths:3 | Identified the amulet "Cuvyimmu" {Acrobat rPois Dex+4} (You
                  | found it on level 3 of the Depths)
 52132 | Depths:3 | Noticed a caustic shrike
 52145 | Depths:3 | Killed a caustic shrike
 52148 | Depths:3 | Killed a lich
 52606 | Depths:3 | Paralysed by a floating eye for 2 turns
 52726 | Depths:4 | Noticed a storm dragon
 52771 | Depths:4 | Killed a storm dragon
 53297 | Depths:4 | Reached skill level 8 in Evocations
 53393 | Depths:4 | Found a runed translucent door.
 53430 | Depths:4 | Noticed a titan
 53447 | Depths:4 | Killed a titan
 53468 | Depths:4 | Reached XP level 27. HP: 99/154 MP: 37/37
 53554 | Depths:4 | Noticed a lich
 53666 | Depths:4 | Noticed a lich
 54136 | Depths:4 | Noticed a caustic shrike
 54170 | Depths:4 | Killed a caustic shrike
 54196 | Depths:4 | Killed a lich
 54279 | Depths:4 | Reached skill level 19 in Fighting
 54327 | Depths:4 | Noticed a tengu reaver
 54336 | Depths:4 | Killed a lich
 54338 | Depths:4 | Reached skill level 20 in Invocations
 54340 | Depths:4 | Killed a tengu reaver
 54463 | Depths:4 | Reached skill level 9 in Evocations
 54619 | Depths:4 | Noticed a storm dragon
 54620 | Depths:4 | a storm dragon changed into a catoblepas
 54655 | Depths:4 | Identified the amulet of Free Will {+Rage rF+ MR+ Int+2
                  | Slay-2}
 54659 | Depths:4 | Reached skill level 14 in Dodging
 54659 | Depths:4 | Identified the +4 battleaxe of Jaesoluh {vamp, +Fly}
 54659 | Depths:4 | Identified the ring "Rossymna" {Fire rN+}
 54776 | Depths:4 | Noticed a juggernaut
 54803 | Depths:4 | Killed a juggernaut
 54822 | Depths:4 | Identified Sif Muna's Guide on Orientation and the Oath
 55091 | Depths:5 | Entered Level 5 of the Depths
 55091 | Depths:5 | Found a runed translucent door.
 55096 | Depths:5 | Noticed a tengu reaver
 55096 | Depths:5 | Noticed a tengu reaver
 55100 | Depths:5 | Noticed a tengu reaver
 55103 | Depths:5 | Noticed a caustic shrike
 55242 | Depths:5 | Noticed Jory
 55269 | Depths:5 | Killed Jory
 55400 | Depths:5 | Found a gate to the Realm of Zot.
 55457 | Depths:5 | Reached skill level 18 in Armour
 55492 | Depths:5 | Noticed the Enchantress
 55513 | Depths:5 | Killed the Enchantress
 55920 | Depths:5 | Reached skill level 10 in Evocations
 56723 | Zot:1    | Entered Level 1 of the Realm of Zot
 56723 | Zot:1    | Noticed a storm dragon
 56738 | Zot:1    | Killed a storm dragon
 56879 | Zot:1    | Noticed a storm dragon
 56901 | Zot:1    | Killed a storm dragon
 57480 | Zot:2    | Noticed a storm dragon
 57494 | Zot:2    | Killed a storm dragon
 58054 | Lair:3   | Identified Nucluriy's Grimoire of Sinister Lightness
 58293 | Orc:2    | Bought a scroll of brand weapon for 280 gold pieces
 58668 | Lair:5   | Found a staircase to the Slime Pits.
 58693 | Slime:1  | Entered Level 1 of the Pits of Slime
 58914 | Slime:4  | Reached skill level 11 in Evocations
 58937 | Slime:5  | Entered Level 5 of the Pits of Slime
 58995 | Slime:4  | HP: 15/156 [acid (1)]
 58996 | Slime:4  | HP: 7/156 [acid (1)]
 59339 | Slime:5  | Found a viscous altar of Jiyva.
 59339 | Slime:5  | Noticed the Royal Jelly
 59341 | Slime:5  | Found the +5 robe of Misfortune {*Contam Harm *Corrode
                  | *Drain *Slow EV+5}
 59354 | Slime:5  | Killed the Royal Jelly
 59354 | Slime:5  | Reached skill level 15 in Dodging
 59600 | Slime:5  | Got a fine marble ring
 59601 | Slime:5  | Identified the ring "Kotuab" {+Fly rC+ MR+} (You found it
                  | on level 5 of the Pits of Slime)
 59701 | Slime:5  | Got a slimy rune of Zot
 59725 | Slime:5  | Reached skill level 21 in Invocations
 60621 | Zot:2    | Reached skill level 20 in Fighting
 60754 | Zot:2    | Noticed a storm dragon
 60770 | Zot:2    | Killed a storm dragon
 61073 | Zot:3    | Noticed a curse toe
 61090 | Zot:3    | Killed a curse toe
 61495 | Zot:3    | Noticed a storm dragon
 61506 | Zot:3    | Killed a storm dragon
 61512 | Zot:3    | Reached skill level 12 in Evocations
 61894 | Zot:3    | Noticed an orb of fire
 61926 | Zot:3    | Killed an orb of fire
 61955 | Zot:3    | Reached skill level 19 in Armour
 62029 | Zot:4    | Noticed a storm dragon
 62031 | Zot:4    | Noticed a storm dragon
 62039 | Zot:4    | Noticed a storm dragon
 62040 | Zot:4    | Killed a storm dragon
 62053 | Zot:4    | Killed a storm dragon
 62075 | Zot:4    | Killed a storm dragon
 62353 | Zot:4    | Noticed a storm dragon
 62361 | Zot:4    | Killed a storm dragon
 62816 | Zig:1    | Entered Level 1 of a ziggurat
 62817 | Zig:1    | Noticed a juggernaut
 62835 | Zig:1    | Killed a juggernaut
 62852 | Zig:2    | Entered Level 2 of a ziggurat
 62895 | Zig:3    | Entered Level 3 of a ziggurat
 62947 | Zig:4    | Entered Level 4 of a ziggurat
 62992 | Zig:4    | Got a faintly humming buckler
 62993 | Zig:4    | Identified the +0 buckler of the City {rCorr Dex+5} (You
                  | found it on level 4 of a ziggurat)
 63000 | Zig:5    | Entered Level 5 of a ziggurat
 63027 | Zig:5    | Reached skill level 16 in Dodging
 63056 | Zig:6    | Entered Level 6 of a ziggurat
 63094 | Zig:6    | Identified the Almanac of Confrontation and Sinister
                  | Secrets
 63117 | Zig:7    | Entered Level 7 of a ziggurat
 63132 | Zig:7    | Reached skill level 13 in Evocations
 63207 | Zig:8    | Entered Level 8 of a ziggurat
 63211 | Zig:8    | Noticed an electric golem
 63211 | Zig:8    | Noticed an electric golem
 63211 | Zig:8    | Noticed a storm dragon
 63213 | Zig:8    | Noticed a titan
 63224 | Zig:8    | Killed an electric golem
 63225 | Zig:8    | Killed a titan
 63225 | Zig:8    | Killed a storm dragon
 63246 | Zig:8    | Killed an electric golem
 63285 | Zig:9    | Entered Level 9 of a ziggurat
 63293 | Zig:9    | Found the +10 zealot's sword {holy, *Rage rN+ EV+3}
 63706 | Depths:2 | Voluntarily entered the Abyss.
 64060 | Abyss:2  | Reached skill level 22 in Invocations
 65035 | Abyss:2  | Found an ornate altar of the Wu Jian Council.
 65408 | Abyss:2  | Reached skill level 21 in Fighting
 65447 | Abyss:3  | Found a corrupted altar of Lugonu.
 65813 | Abyss:5  | Entered Level 5 of the Abyss
 66054 | Abyss:5  | Noticed a lich
 66068 | Abyss:5  | Killed a lich
 66108 | Abyss:5  | Noticed a lich
 66119 | Abyss:5  | Killed a lich
 66163 | Abyss:5  | Found a corrupted altar of Lugonu.
 66405 | Abyss:5  | Identified the +0 robe "Neamus" {-Tele *Contam rPois SInv}
 66424 | Abyss:5  | Gained mutation: Your mind is acute. (Int +2) [a cacodemon]
 66573 | Abyss:5  | Found a shimmering altar of Xom.
 66573 | Abyss:5  | Found a corrupted altar of Lugonu.
 66573 | Abyss:5  | Found a shimmering altar of Xom.
 66573 | Abyss:5  | Found a shimmering altar of Xom.
 66573 | Abyss:5  | Found a shimmering altar of Xom.
 66574 | Abyss:5  | Found a shimmering altar of Xom.
 66602 | Abyss:5  | Found a shimmering altar of Xom.
 66620 | Abyss:5  | Found a shimmering altar of Xom.
 66630 | Abyss:5  | Found a shimmering altar of Xom.
 66881 | Abyss:5  | Noticed a lich
 66896 | Abyss:5  | Killed a lich
 67046 | Abyss:5  | Reached skill level 20 in Armour
 67209 | Abyss:5  | Reached skill level 17 in Dodging
 67296 | Abyss:5  | Reached skill level 13 in Short Blades
 67339 | Abyss:5  | Found a corrupted altar of Lugonu.
 67440 | Abyss:5  | Noticed a lich
 67449 | Abyss:5  | Killed a lich
 67618 | Abyss:5  | Noticed an ancient lich
 67638 | Abyss:5  | Killed an ancient lich
 67883 | Abyss:5  | Gained mutation: You expend magic power (3 MP) to
                  | strengthen your wands. [a neqoxec]
 67892 | Abyss:5  | Gained mutation: You are frail. (-10% HP) [a neqoxec]
 68324 | Abyss:5  | Got an abyssal rune of Zot
 68328 | Depths:2 | You pass through the gate.
 68328 | Depths:2 | Escaped the Abyss
 68374 | Depths:2 | Voluntarily entered the Abyss.
 68414 | Abyss:1  | Noticed a lich
 68439 | Abyss:1  | Killed a lich
 68459 | Abyss:1  | Noticed a lich
 68528 | Abyss:1  | Noticed a lich
 68533 | Abyss:1  | Noticed a lich
 68539 | Abyss:1  | Killed a lich
 68539 | Abyss:1  | Reached skill level 23 in Invocations
 68541 | Depths:2 | You pass through the gate.
 68541 | Depths:2 | Escaped the Abyss
 68650 | Depths:2 | Upgraded the game from 0.25-a0-571-gb5e01bd to
                  | 0.25-a0-576-g50b708a
 68659 | Depths:2 | Voluntarily entered the Abyss.
 68948 | Abyss:1  | Killed a lich
 69020 | Abyss:1  | Found a corrupted altar of Lugonu.
 69068 | Abyss:1  | Found a corrupted altar of Lugonu.
 69105 | Abyss:1  | Found a corrupted altar of Lugonu.
 69295 | Abyss:1  | Noticed an ancient lich
 69321 | Abyss:1  | Killed an ancient lich
 69494 | Abyss:1  | Reached skill level 14 in Short Blades
 69499 | Abyss:1  | Noticed a lich
 69514 | Abyss:1  | Killed a lich
 69826 | Abyss:1  | Reached skill level 22 in Fighting
 70154 | Abyss:1  | Noticed an ancient lich
 70161 | Abyss:1  | Killed an ancient lich
 70419 | Abyss:1  | Noticed a lich
 70445 | Abyss:1  | Killed a lich
 70704 | Abyss:1  | Found a corrupted altar of Lugonu.
 70834 | Abyss:1  | Gained mutation: Your spells are a little easier to cast,
                  | but a little less powerful. [a neqoxec]
 70836 | Abyss:1  | Gained mutation: You occasionally shout uncontrollably at
                  | your foes. [a neqoxec]
 70900 | Abyss:1  | Noticed a lich
 70920 | Abyss:1  | Killed a lich
 71611 | Abyss:1  | Reached skill level 18 in Dodging
 71648 | Abyss:1  | Found a shattered altar of Ashenzari.
 72161 | Depths:2 | You pass through the gate.
 72161 | Depths:2 | Escaped the Abyss
 72162 | Depths:2 | Lost mutation: Your mind is acute. (Int +2) [potion of
                  | mutation]
 72162 | Depths:2 | Lost mutation: You are frail. (-10% HP) [potion of
                  | mutation]
 72162 | Depths:2 | Lost mutation: You occasionally shout uncontrollably at
                  | your foes. [potion of mutation]
 72162 | Depths:2 | Lost mutation: You expend magic power (3 MP) to strengthen
                  | your wands. [potion of mutation]
 72162 | Depths:2 | Gained mutation: Your magical capacity is low. (-10% MP)
                  | [potion of mutation]
 72162 | Depths:2 | Gained mutation: You have sharp fingernails. [potion of
                  | mutation]
 72444 | Crypt:1  | Entered Level 1 of the Crypt
 72690 | Crypt:1  | You fall into a shaft and drop 1 floor!
 72767 | Crypt:2  | Found an ancient bone altar of Kikubaaqudgha.
 73028 | Crypt:2  | Reached skill level 21 in Armour
 73119 | Crypt:1  | Reached skill level 15 in Short Blades
 73296 | Crypt:1  | Noticed a curse skull
 73561 | Crypt:1  | Killed a curse skull
 73814 | Crypt:2  | Found a basalt altar of Yredelemnul.
 74448 | Crypt:3  | Entered Level 3 of the Crypt
 74700 | Crypt:3  | Found a basalt altar of Yredelemnul.
 74845 | Crypt:3  | Reached skill level 24 in Invocations
 74894 | Crypt:3  | Got a warped chain mail
 74895 | Crypt:3  | Identified the +1 chain mail of Cowardice {rElec Int-2
                  | Slay+4 Stlth+} (You found it on level 3 of the Crypt)
 74948 | Crypt:3  | Noticed a lich
 74969 | Crypt:3  | Killed a lich
 74996 | Crypt:3  | Got a sparkling ivory ring
 74997 | Crypt:3  | Identified the ring of Moodiness {Wiz Str+7} (You found it
                  | on level 3 of the Crypt)
 75387 | Crypt:3  | Found a staircase to the Tomb.
 75387 | Crypt:3  | Noticed an ancient lich
 75400 | Crypt:3  | Killed an ancient lich
 75434 | Crypt:3  | Got a sparkling ivory ring
 75435 | Crypt:3  | Identified the ring "Amaqupn" {rF+ MP+9} (You found it on
                  | level 3 of the Crypt)
 76051 | Depths:4 | Voluntarily entered the Abyss.
 76570 | Abyss:1  | Paralysed by accursed screaming for 1 turns
 76598 | Abyss:1  | Found an ornate altar of the Wu Jian Council.
 77072 | Abyss:1  | Noticed a lich
 77385 | Abyss:1  | Reached skill level 23 in Fighting
 77385 | Abyss:1  | Reached skill level 16 in Short Blades
 77616 | Abyss:1  | Gained mutation: Armour fits poorly on your strangely
                  | shaped body. [a neqoxec]
 77617 | Abyss:1  | Gained mutation: You tend to lose your temper in combat. [a
                  | neqoxec]
 77850 | Abyss:1  | Lost mutation: Your magical capacity is low. (-10% MP)
                  | [potion of mutation]
 77850 | Abyss:1  | Lost mutation: You tend to lose your temper in combat.
                  | [potion of mutation]
 77850 | Abyss:1  | Gained mutation: Your body sometimes deteriorates upon
                  | taking damage. [potion of mutation]
 77850 | Abyss:1  | Gained mutation: Your system is resistant to poisons.
                  | (rPois) [potion of mutation]
 77851 | Abyss:1  | Lost mutation: Your spells are a little easier to cast, but
                  | a little less powerful. [potion of mutation]
 77851 | Abyss:1  | Lost mutation: Armour fits poorly on your strangely shaped
                  | body. [potion of mutation]
 77851 | Abyss:1  | Lost mutation: Your system is resistant to poisons. (rPois)
                  | [potion of mutation]
 77851 | Abyss:1  | Gained mutation: Your spells are a little harder to cast,
                  | but a little more powerful. [potion of mutation]
 77852 | Abyss:1  | Lost mutation: Your body sometimes deteriorates upon taking
                  | damage. [potion of mutation]
 77852 | Abyss:1  | Lost mutation: Your spells are a little harder to cast, but
                  | a little more powerful. [potion of mutation]
 77852 | Abyss:1  | Gained mutation: You tend to lose your temper in combat.
                  | [potion of mutation]
 77852 | Abyss:1  | Gained mutation: You expend magic power (3 MP) to
                  | strengthen your wands. [potion of mutation]
 77853 | Abyss:1  | Lost mutation: You tend to lose your temper in combat.
                  | [potion of mutation]
 77853 | Abyss:1  | Lost mutation: You have sharp fingernails. [potion of
                  | mutation]
 77853 | Abyss:1  | Lost mutation: You expend magic power (3 MP) to strengthen
                  | your wands. [potion of mutation]
 77853 | Abyss:1  | Gained mutation: Scrolls take you a little longer to read.
                  | [potion of mutation]
 77853 | Abyss:1  | Gained mutation: You tend to lose your temper in combat.
                  | [potion of mutation]
 77853 | Abyss:1  | Gained mutation: You have sharp toenails. [potion of
                  | mutation]
 77854 | Abyss:1  | Lost mutation: You tend to lose your temper in combat.
                  | [potion of mutation]
 77854 | Abyss:1  | Lost mutation: Scrolls take you a little longer to read.
                  | [potion of mutation]
 77854 | Abyss:1  | Gained mutation: Your spells are a little easier to cast,
                  | but a little less powerful. [potion of mutation]
 77854 | Abyss:1  | Gained mutation: Your body sometimes deteriorates upon
                  | taking damage. [potion of mutation]
 77854 | Abyss:1  | Gained mutation: You can translocate small distances at
                  | will. [potion of mutation]
 77854 | Abyss:1  | Gained mutation: You passively map a small area around you.
                  | [potion of mutation]
 77855 | Abyss:1  | Lost mutation: Your body sometimes deteriorates upon taking
                  | damage. [potion of mutation]
 77855 | Abyss:1  | Lost mutation: Your spells are a little easier to cast, but
                  | a little less powerful. [potion of mutation]
 77855 | Abyss:1  | Lost mutation: You have sharp toenails. [potion of
                  | mutation]
 77855 | Abyss:1  | Gained mutation: Scrolls take you a little longer to read.
                  | [potion of mutation]
 77855 | Abyss:1  | Gained mutation: You are dopey. (Int -2) [potion of
                  | mutation]
 77855 | Abyss:1  | Gained mutation: You evolve. [potion of mutation]
 77856 | Abyss:1  | Lost mutation: You evolve. [potion of mutation]
 77856 | Abyss:1  | Lost mutation: Scrolls take you a little longer to read.
                  | [potion of mutation]
 77856 | Abyss:1  | Gained mutation: You are partially covered in slimy green
                  | scales. (AC +2) [potion of mutation]
 77856 | Abyss:1  | Gained mutation: Your flesh is heat resistant. (rF+)
                  | [potion of mutation]
 77856 | Abyss:1  | Gained mutation: You have a pair of small antennae on your
                  | head. [potion of mutation]
 77856 | Abyss:1  | Gained mutation: You are partially covered in rugged brown
                  | scales. (AC +1, +3% HP) [potion of mutation]
 77916 | Abyss:1  | Found a corrupted altar of Lugonu.
 78306 | Abyss:1  | Reached skill level 19 in Dodging
 78453 | Abyss:1  | Paralysed by you for 3 turns
 78706 | Abyss:1  | Found a corrupted altar of Lugonu.
 78845 | Abyss:1  | Noticed a lich
 78866 | Abyss:1  | Killed a lich
 79362 | Abyss:1  | Noticed a lich
 79373 | Abyss:1  | Killed a lich
 79453 | Abyss:1  | Noticed a lich
 79461 | Abyss:1  | Killed a lich
 79544 | Abyss:1  | Gained mutation: You are weak. (Str -2) [a neqoxec]
 79731 | Abyss:1  | Noticed a lich
 79740 | Abyss:1  | Killed a lich
 79843 | Abyss:1  | Gained mutation: You are frail. (-10% HP) [a neqoxec]
 79885 | Abyss:1  | Got a warped plate armour
 79886 | Abyss:1  | Identified the +10 plate armour of the Game of Kings {rPois
                  | Int+4} (You found it on level 1 of the Abyss)
 80061 | Abyss:2  | Paralysed by you for 6 turns
 80125 | Abyss:2  | Found a corrupted altar of Lugonu.
 80399 | Abyss:2  | Found a hazy altar of Hepliaklqana.
 80482 | Abyss:2  | Paralysed by you for 6 turns
 81545 | Abyss:2  | Paralysed by accursed screaming for 1 turns
 81581 | Abyss:2  | Found a corrupted altar of Lugonu.
 81688 | Abyss:2  | Found a corrupted altar of Lugonu.
 81731 | Abyss:2  | Reached skill level 22 in Armour
 81878 | Abyss:2  | Found a corrupted altar of Lugonu.
 81980 | Abyss:2  | Noticed a lich
 81991 | Abyss:2  | Killed a lich
 82112 | Abyss:2  | Reached skill level 17 in Short Blades
 82682 | Abyss:2  | Reached skill level 25 in Invocations
 83100 | Abyss:2  | Found a corrupted altar of Lugonu.
 84187 | Abyss:2  | Noticed a lich
 84197 | Abyss:2  | Killed a lich
 84624 | Abyss:2  | Noticed a lich
 84632 | Abyss:2  | Killed a lich
 84781 | Abyss:2  | Noticed a lich
 84787 | Abyss:2  | Killed a lich
 85112 | Abyss:2  | Reached skill level 20 in Dodging
 85342 | Abyss:3  | Found a corrupted altar of Lugonu.
 85436 | Abyss:3  | Found a corrupted altar of Lugonu.
 85530 | Abyss:3  | Gained mutation: Armour fits poorly on your strangely
                  | shaped body. [a neqoxec]
 85607 | Abyss:3  | Paralysed by you for 6 turns
 85792 | Abyss:3  | Reached skill level 24 in Fighting
 86171 | Depths:4 | You pass through the gate.
 86171 | Depths:4 | Escaped the Abyss
 86234 | Hell     | Entered the Vestibule of Hell
 86234 | Hell     | Noticed Geryon
 86258 | Hell     | Killed Geryon
 86340 | Depths:4 | Lost mutation: You are frail. (-10% HP) [potion of
                  | mutation]
 86340 | Depths:4 | Lost mutation: You are dopey. (Int -2) [potion of mutation]
 86340 | Depths:4 | Lost mutation: You have a pair of small antennae on your
                  | head. [potion of mutation]
 86340 | Depths:4 | Lost mutation: Armour fits poorly on your strangely shaped
                  | body. [potion of mutation]
 86340 | Depths:4 | Gained mutation: You are dopey. (Int -2) [potion of
                  | mutation]
 86340 | Depths:4 | Gained mutation: You passively map the area around you.
                  | [potion of mutation]
 86426 | Hell     | Found a gateway to the Iron City of Dis.
 86601 | Hell     | Found a gateway to the ashen valley of Gehenna.
 86702 | Hell     | Found a gateway to the decaying netherworld of Tartarus.
 86771 | Hell     | Reached skill level 18 in Short Blades
 86823 | Hell     | Found a gateway to the freezing wastes of Cocytus.
 86956 | Geh:1    | Entered Level 1 of Gehenna
 87075 | Geh:1    | Gained mutation: You are very dopey. (Int -4) [mutagenic
                  | glow]
 87127 | Geh:1    | Gained mutation: Your body sometimes deteriorates upon
                  | taking damage. [mutagenic glow]
 87886 | Geh:1    | Reached skill level 23 in Armour
 89143 | Geh:3    | Noticed a lich
 89154 | Geh:3    | Killed a lich
 89216 | Geh:3    | Noticed a lich
 89226 | Geh:3    | Killed a lich
 89235 | Geh:3    | Noticed a lich
 89246 | Geh:3    | Killed a lich
 90401 | Geh:4    | Reached skill level 26 in Invocations
 91229 | Geh:4    | Noticed a lich
 91237 | Geh:4    | Killed a lich
 91573 | Geh:5    | Reached skill level 19 in Short Blades
 91645 | Geh:5    | Noticed a lich
 91651 | Geh:5    | Killed a lich
 91921 | Geh:5    | Reached skill level 24 in Armour
 91923 | Geh:5    | Noticed a lich
 91946 | Geh:5    | Reached skill level 21 in Dodging
 91955 | Geh:5    | Killed a lich
 93143 | Geh:6    | Reached skill level 25 in Fighting
 94039 | Geh:7    | Entered Level 7 of Gehenna
 94516 | Geh:7    | Got a smoking lajatang
 94517 | Geh:7    | Identified the +9 lajatang of Indomitability {freeze,
                  | *Corrode +Blink +Fly MR+} (You found it on level 7 of
                  | Gehenna)
 94607 | Geh:7    | Noticed a lich
 94610 | Geh:7    | Killed a lich
 95179 | Geh:7    | Identified the +7 sceptre of Asmodeus
 95179 | Geh:7    | Noticed Asmodeus
 95223 | Geh:7    | Killed Asmodeus
 95309 | Geh:7    | Got an obsidian rune of Zot
 95511 | Dis:1    | Entered Level 1 of the Iron City of Dis
 95703 | Dis:1    | Reached skill level 20 in Short Blades
 96310 | Dis:2    | Reached skill level 27 in Invocations
 96332 | Dis:2    | You fall into a shaft and drop 1 floor!
 97327 | Dis:6    | Reached skill level 14 in Stealth
 97361 | Dis:7    | Entered Level 7 of the Iron City of Dis
 97742 | Dis:7    | Reached skill level 15 in Stealth
 98137 | Dis:7    | Reached skill level 22 in Dodging
 98441 | Dis:7    | Reached skill level 16 in Stealth
 98999 | Dis:7    | Reached skill level 17 in Stealth
 99264 | Dis:7    | Reached skill level 25 in Armour
 99432 | Dis:7    | Identified the +4 staff of Dispater
 99432 | Dis:7    | Noticed Dispater
 99445 | Dis:7    | Killed Dispater
 99445 | Dis:7    | Reached skill level 26 in Fighting
 99568 | Dis:7    | Reached skill level 18 in Stealth
 99573 | Dis:7    | Got an iron rune of Zot
100740 | Coc:1    | Entered Level 1 of Cocytus
101067 | Coc:6    | Reached skill level 14 in Evocations
101501 | Coc:7    | Entered Level 7 of Cocytus
101715 | Coc:7    | Reached skill level 15 in Evocations
102662 | Coc:7    | Reached skill level 16 in Evocations
102668 | Coc:7    | Noticed Antaeus
102718 | Coc:7    | HP: 9/177 [Antaeus (21)]
102718 | Coc:7    | Slain by Antaeus

Vanquished Creatures
  Asmodeus (Geh:7)
  the Royal Jelly (Slime:5)
  Dispater (Dis:7)
  An orb of fire (Zot:3)
  3 juggernauts
  7 ancient liches
  14 shard shrikes
  A Killer Klown (Zot:3)
  Margery (Depths:3)
  A curse toe (Zot:3)
  3 caustic shrikes
  Nikola (Shoals:1)
  8 golden dragons
  20 bone dragons
  Geryon (Hell)
  The ghost of krigyl the Stickfighter, a veteran GnSk of Makhleb (Depths:2)
  the Enchantress (Depths:5)
  4 profane servitors
  Jory (Depths:5)
  A pearl dragon (Depths:1)
  A Tzitzimitl (Dis:7)
  6 iron giants
  12 tentacled monstrosities
  The ghost of Pikli the Executioner, an adept MiGl of Okawaru (Vaults:3)
  35 Brimstone Fiends
  2 electric golems (Zig:8)
  12 Ice Fiends
  11 Hell Sentinels
  2 hellephants
  The ghost of Coldstonesans the Peltast, an adept FoFi of the Shining One (Elf:3)
  4 deep elf blademasters (Elf:3)
  6 titans
  21 acid blobs
  31 liches
  4 eldritch tentacles
  2 deep elf master archers (Elf:3)
  11 quicksilver dragons
  12 ancient champions
  3 sphinxes
  A kraken (Abyss:1)
  59 tentacled starspawn
  Kirke (Lair:5)
  6 tengu reavers
  7 Executioners
  15 shadow dragons
  2 shadow dragons (shapeshifter)
  7 death cobs
  2 daevas
  6 draconian monks
  13 storm dragons
  5 revenants
  8 nagarajas
  5 draconian knights
  Ilsuiw (Shoals:3)
  3 deep elf sorcerers
  14 azure jellies
  20 fire giants
  8 frost giants
  10 iron dragons
  15 vault wardens
  2 orc warlords (Vaults:3)
  A ghost moth (Zot:4)
  Aizul (Snake:4)
  5 cacodemons
  A curse skull (Crypt:1)
  27 balrugs
  2 angels
  6 draconian stormcallers
  5 draconian scorchers
  11 draconian shifters
  3 elemental wellsprings (Coc:7)
  8 deep elf elementalists
  7 draconian annihilators
  15 ironheart preservers
  52 very ugly things
  11 ghouls
  30 war gargoyles
  30 reapers
  9 deep elf demonologists
  An ophan (Depths:1)
  21 stone giants
  5 spriggan defenders
  5 entropy weavers
  15 vampire knights
  8 black draconians
  3 lorocyprocas (Abyss:2)
  110 starcursed masses
  An apis (Depths:1)
  A spectral titan (Depths:2)
  12 green draconians
  Nessos (D:12)
  15 yellow draconians
  11 purple draconians
  6 deep elf annihilators
  A minotaur (Vaults:3)
  6 spark wasps
  12 deep elf death magi
  2 minotaurs (shapeshifter)
  6 red draconians
  12 white draconians
  15 ettins
  6 eidola
  12 blizzard demons
  4 green deaths
  8 merfolk javelineers
  6 quicksilver dragon zombies
  5 merfolk impalers
  A kraken zombie (Coc:6)
  11 yaktaur captains
  A ragged hierophant (Elf:2)
  7 deep elf high priests
  18 fire dragons
  20 great orbs of eyes
  28 ice dragons
  12 death oozes
  A spectral tengu (Depths:2)
  29 vault guards
  A spectral golden dragon (Depths:2)
  21 jiangshi
  19 rakshasas
  A hell beast (Hell)
  5 merfolk avatars
  5 quicksilver dragon skeletons
  4 naga warriors
  A spectral shadow dragon (Crypt:3)
  8 death knights
  14 centaur warriors
  9 hydras
  A two-headed ogre (shapeshifter) (Vaults:4)
  7 spriggan air magi
  17 anacondas
  3 merfolk aquamancers
  3 satyrs
  39 dancing weapons
  7 tengu warriors
  2 alligator snapping turtles
  18 ogre magi
  7 deep troll earth magi
  An alligator (shapeshifter) (Vaults:5)
  3 death yaks
  An orc high priest (Elf:3)
  A satyr (shapeshifter) (Depths:4)
  45 two-headed ogres
  5 deep troll shamans
  64 hell hogs
  Urug (D:12)
  66 thrashing horrors
  6 vampire magi
  11 naga sharpshooters
  11 titan zombies
  16 soul eaters
  10 spriggan berserkers
  5 shock serpents
  76 hell knights
  2 titan skeletons
  Sonja (D:11)
  40 sun demons
  21 deep elf knights
  3 storm dragon zombies
  19 iron golems
  46 wretched stars
  A fire crab (shapeshifter) (Abyss:5)
  15 iron trolls
  19 sea snakes
  10 golden dragon zombies
  73 skeletal warriors
  12 sixfirhies
  8 shadow wraiths
  5 storm dragon skeletons
  23 spatial maelstroms
  25 flayed ghosts
  6 wizards
  An iron giant zombie (Crypt:2)
  8 anaconda zombies
  A quicksilver dragon simulacrum (Depths:2)
  5 golden dragon skeletons
  10 glowing orange brains
  6 unseen horrors
  3 ghost moth zombies
  5 shadow demons
  4 shadow dragon zombies
  A swamp dragon (Zig:3)
  20 deep trolls
  A lindwurm (shapeshifter) (Vaults:5)
  An obsidian statue (Depths:1)
  22 deep elf archers
  25 orc knights
  33 phantasmal warriors
  13 ironbrand convokers
  10 naga ritualists
  5 anaconda skeletons
  10 fire giant zombies
  A harpy (shapeshifter) (Abyss:2)
  25 necromancers
  An orb spider (Abyss:2)
  15 harpies
  6 iron dragon zombies
  9 mana vipers
  51 deep elf magi
  6 oklob plants
  3 orc sorcerers
  6 wolf spiders
  6 wolf spider zombies
  56 ugly things
  11 salamanders
  A salamander (shapeshifter) (Depths:1)
  4 shining eyes
  6 shadow dragon skeletons
  A tengu skeleton (Vaults:2)
  12 cyclopes
  A cyclops (shapeshifter) (Vaults:2)
  14 manticores
  5 frost giant skeletons
  8 fauns
  11 stone giant zombies
  6 iron dragon skeletons
  11 frost giant zombies
  19 moths of wrath
  5 fire giant skeletons
  A toenail golem (Abyss:5)
  A manticore (shapeshifter) (Vaults:5)
  2 orc zombies (Vaults:2)
  7 merfolk sirens
  A water nymph (shapeshifter) (Depths:3)
  An elephant (shapeshifter) (Depths:4)
  4 elephants (Lair:6)
  Maurice (D:9)
  40 rust devils
  30 black mambas
  4 water nymphs
  2 spectral elves (Depths:2)
  Joseph (D:9)
  15 apocalypse crabs
  3 shock serpent zombies
  A guardian serpent (shapeshifter) (Depths:1)
  22 vault sentinels
  A moth of wrath (shapeshifter) (Vaults:5)
  7 molten gargoyles
  16 guardian serpents
  15 worldbinders
  3 eyes of devastation
  7 dire elephant zombies
  2 ice statues
  24 naga magi
  61 smoke demons
  3 gargoyles
  7 stone giant skeletons
  4 dire elephant skeletons
  13 orange demons
  2 emperor scorpion zombies
  16 spiny frogs
  5 titan simulacra
  A red draconian zombie (Crypt:2)
  3 centaur skeletons
  4 torpor snails
  2 storm dragon simulacra
  51 hellions
  4 komodo dragons
  31 yaktaurs
  15 hellwings
  6 rime drakes
  33 tormentors
  4 anaconda simulacra
  31 freezing wraiths
  22 efreet
  A golden dragon simulacrum (Depths:2)
  4 demonic crawlers
  55 red devils
  26 ice devils
  23 merfolk
  43 ancient zymes
  2 catoblepas skeletons
  2 silent spectres
  2 queen bees
  8 harpy zombies
  14 hydra zombies
  5 meliai (Abyss:5)
  6 trolls
  13 hornets
  16 polar bears
  3 hornets (shapeshifter)
  A tengu simulacrum (Vaults:5)
  3 saltlings (Elf:2)
  7 wind drakes
  A slime creature (shapeshifter) (Depths:5)
  A polar bear (shapeshifter) (Depths:2)
  A raiju (shapeshifter) (D:13)
  6 harpy skeletons
  8 ice dragon zombies
  Prince Ribbit (D:5)
  8 snapping turtles
  A blink frog (shapeshifter) (Abyss:2)
  3 shadow dragon simulacra
  A sphinx simulacrum (Depths:2)
  A jumping spider zombie (Crypt:1)
  87 raiju
  69 slime creatures
  A wind drake (shapeshifter) (Depths:5)
  15 hippogriffs
  19 blink frogs
  5 bog bodies
  7 alligator zombies
  2 iron dragon simulacra
  7 ettin zombies
  A fire giant simulacrum (Depths:1)
  6 fire dragon zombies
  A meliai zombie (D:13)
  A snapping turtle (shapeshifter) (Abyss:5)
  19 dream sheep
  2 stone giant simulacra
  10 hydra skeletons
  2 air elementals
  2 frost giant simulacra
  6 human simulacra
  23 spriggans
  185 flying skulls
  94 yaks
  27 shadows
  2 elf zombies
  5 fire dragon skeletons
  39 wraiths
  27 water elementals
  4 alligator skeletons
  40 ynoxinuls
  4 vampires
  A hog (Lair:5)
  8 ice dragon skeletons
  6 ettin skeletons
  A hog (shapeshifter) (Abyss:1)
  160 large abominations
  14 fire bats
  52 fire elementals
  5 golden eyes
  19 humans
  9 wyverns
  A black mamba zombie (Geh:4)
  153 small abominations
  9 hungry ghosts
  35 neqoxecs
  Grum (D:9)
  6 basilisks
  33 chaos spawn
  A redback simulacrum (D:14)
  A steam dragon (D:10)
  Menkaure (D:6)
  4 vampire mosquitoes (D:15)
  A black mamba skeleton (Abyss:1)
  14 insubstantial wisps
  13 wargs
  6 hydra simulacra (Coc:7)
  71 spatial vortices
  49 nagas
  A soldier ant (D:15)
  26 water moccasins
  9 spiny frog zombies
  A floating eye (shapeshifter) (Vaults:2)
  95 hell hounds
  4 porcupines
  A torturous demonspawn skeleton (Geh:6)
  5 acid dragons
  64 orc warriors
  2 merfolk skeletons
  2 floating eyes
  A manticore zombie (Coc:3)
  6 sky beasts
  3 spiny frog skeletons
  7 black bears
  2 ettin simulacra
  A black bear (shapeshifter) (Abyss:5)
  4 swamp dragon zombies
  A black mamba simulacrum (Abyss:2)
  11 ice beasts
  14 necrophages
  10 phantoms
  2 ice dragon simulacra
  34 ogres
  An ogre (shapeshifter) (Depths:4)
  2 alligator simulacra
  12 eyes of draining
  29 centaurs
  11 snapping turtle zombies
  34 wolves
  8 boggarts
  2 manticore skeletons
  3 swamp dragon skeletons
  6 snapping turtle skeletons
  4 human skeletons
  11 crocodiles
  4 big kobolds
  18 bullfrogs
  A hippogriff zombie (Crypt:1)
  Blork the orc (D:6)
  A wyvern zombie (D:12)
  10 earth elementals
  A glowing shapeshifter simulacrum (Depths:2)
  A spiny frog simulacrum (Hell)
  A wyvern skeleton (D:12)
  A raiju zombie (Crypt:1)
  4 scorpions
  31 killer bees
  A vampire bat (Abyss:5)
  91 wights
  3 electric eels
  3 howler monkeys (D:12)
  6 centaur zombies
  27 crimson imps
  A demonspawn zombie (Crypt:2)
  7 hounds
  21 quasits
  4 bullfrog zombies
  14 orc priests
  16 jellies
  A soldier ant zombie (Crypt:2)
  2 human zombies
  43 iron imps
  25 orc wizards
  2 bullfrog skeletons
  5 iguanas
  3 worker ants
  A deep dwarf zombie (Crypt:2)
  An acid dragon zombie (Crypt:1)
  A centaur simulacrum (Abyss:2)
  An ogre skeleton (Geh:5)
  A dwarf skeleton (Crypt:1)
  A hound zombie (D:7)
  2 hound skeletons
  4 mummies
  A worker ant zombie (D:7)
  14 adders
  10 gnolls
  6 shadow imps
  A swamp drake skeleton (Crypt:1)
  23 white imps
  19 ufetubi
  8 oozes
  3 adder skeletons
  4 worms
  3 dart slugs
  6 leopard geckos
  154 orcs
  7 bats
  5 giant cockroaches
  7 goblins
  9 hobgoblins
  7 jackals
  42 kobolds
  8 quokkas
  A ball python (Snake:4)
  6 frilled lizards
  A hobgoblin skeleton (Crypt:2)
  A kobold zombie (Geh:4)
  A leopard gecko skeleton (Crypt:2)
  2 leopard gecko zombies
  An orc skeleton (Geh:2)
  A quokka skeleton (D:4)
  11 rats
  2 bushes (D:7)
  2 crawling corpses (Depths:5)
  7 fire vortices
  5 lurking horrors
  A macabre mass (Depths:5)
  2 plants
  51 starspawn tentacles
5851 creatures vanquished.

Vanquished Creatures (others)
  An elemental wellspring (Coc:7)
  2 satyrs (Shoals:2)
  A two-headed ogre (D:12)
  3 hell hogs
  2 thrashing horrors
  A titan zombie (Geh:5)
  A large abomination (Abyss:2)
  A sun demon (Abyss:1)
  A deep elf mage (Elf:1)
  4 yaktaurs
  A blink frog (Abyss:2)
  4 flying skulls
  A yak (IceCv)
  5 humans (Lair:5)
  2 water moccasins
  A small abomination (Abyss:2)
  2 hell hounds
  3 ogres
  2 wolves (IceCv)
  2 centaurs
  An orc wizard (D:15)
  An orc skeleton (Geh:3)
  2 bushes
  7 fungi
  9 lurking horrors
  9 plants
  83 starspawn tentacles
  8 tentacles
  2 withered plants (Elf:3)
162 creatures vanquished.

Grand Total: 6013 creatures vanquished
